 Dungeon Crawl Stone Soup version 0.27.0-1-g7a089689b8 (webtiles) character file.

Game seed: 14642482773453645273

18230 Naeght the Carver (level 12, -1/112 HPs)
             Began as a Minotaur Berserker on Aug 14, 2021.
             Was a High Priest of Trog.
             Slain by a shock serpent (12 damage)
             ... on level 1 of the Snake Pit.
             The game lasted 00:36:21 (13697 turns).

Naeght the Carver (Minotaur Berserker)             Turns: 13697, Time: 00:36:21

Health: -1/112     AC: 12    Str: 33    XL:     12   Next: 25%
Magic:  11/11      EV: 13    Int:  5    God:    Trog [*****.]
Gold:   590        SH:  9    Dex:  9    Spells: 11/11 levels left

rFire    + . .     SeeInvis .   u - +4 scimitar (elec)
rCold    + . .     Faith    .   v - +0 buckler
rNeg     . . .     Spirit   .   H - +1 scale mail of the Spider Nest {+Inv rPois}
rPois    +         Reflect  +   (helmet restricted)
rElec    .         Harm     .   g - scarf {rC+ rF+}
rCorr    .         Rampage  .   (no gloves)
Will     ++...                  t - +2 pair of boots
Stlth    ..........             a - amulet of reflection
HPRegen  1.28/turn              s - ring of poison resistance
MPRegen  0.12/turn              I - +6 ring of strength

@: strong-willed, on berserk cooldown, regenerating, slowed, very slow
A: horns 2, retaliatory headbutt
a: Renounce Religion, Evoke Invisibility, Berserk, Trog's Hand, Brothers in Arms


You were on level 1 of the Snake Pit.
You worshipped Trog.
Trog was extremely pleased with you.
You visited 4 branches of the dungeon, and saw 12 of its levels.
You also visited: Gauntlet.

You collected 590 gold pieces.

Inventory:

Hand Weapons
 b - a +5 antimagic demon blade
 u - a +4 scimitar of electrocution (weapon)
 L - a +1 glaive of flaming
Missiles
 f - 400 stones
 j - 56 sling bullets
 n - 2 throwing nets
 r - 24 poisoned darts (quivered)
 M - 11 silver javelins
Armour
 g - a scarf of resistance (worn)
 t - a +2 pair of boots (worn)
 v - a +0 buckler (worn)
 H - the +1 scale mail of the Spider Nest (worn) {+Inv rPois}
   (You found it in a Gauntlet)

   rPois:     It protects you from poison.
   +Inv:      It lets you turn invisible.
 N - the +0 leather armour of Absence {*Corrode +Inv Int+5 Dex-5}
   (You found it in a Gauntlet)

   Int:       It affects your intelligence (+5).
   Dex:       It affects your dexterity (-5).
   +Inv:      It lets you turn invisible.
   *Corrode:  It may corrode you when you take damage.
Jewellery
 a - an amulet of reflection (around neck)
 l - an amulet of magic regeneration
 s - a ring of poison resistance (left hand)
 x - a ring of ice
 I - a +6 ring of strength (right hand)
 K - the amulet of the Pure Wishes {Acrobat rC+}
   (You found it in a Gauntlet)

   [amulet of the acrobat]

   It increases your evasion while moving and waiting.
   rC:        It protects you from cold.
Wands
 y - a wand of flame (19)
 B - a wand of paralysis (1)
 Q - a wand of iceblast (8)
Scrolls
 d - a scroll of immolation
 e - 5 scrolls of identify
 h - 4 scrolls of teleportation
 k - a scroll of holy word
 m - 4 scrolls of fog
 o - 2 scrolls of enchant armour
 p - a scroll of torment
 A - 3 scrolls of blinking {unknown}
 C - 3 scrolls of amnesia
 G - a scroll of vulnerability {unknown}
 J - a scroll of fear {unknown}
 R - a scroll of enchant weapon
Potions
 c - 3 potions of degeneration {unknown}
 i - 9 potions of curing {unknown}
 q - 2 potions of haste {unknown}
 w - 4 potions of brilliance {unknown}
 z - 3 potions of attraction
 E - 2 potions of might {unknown}
 F - a potion of cancellation {unknown}
 O - a potion of lignification
 S - 2 potions of flight {unknown}
Miscellaneous
 D - a piece from Xom's chessboard (15/15)
 P - a tin of tremorstones (2/2)


   Skills:
 - Level 12.0 Fighting
 * Level 13.1 Long Blades
 + Level 7.9 Armour
 - Level 10.9 Dodging
 - Level 4.5 Shields
 * Level 6.4 Evocations


You had 11 spell levels left.
You didn't know any spells.
Your spell library was empty.

Dungeon Overview and Level Annotations

Branches:
Dungeon (8/15)             Temple (1/1) D:4            Lair (2/6) D:8
  Snake (1/4) Lair:2      Gauntlet (visited)
  Swamp: Lair:2-4    Shoals: Lair:2-4

Altars:
Cheibriados
Elyvilon
Hepliaklqana
Makhleb
Trog
Vehumet
Zin

Shops:
D:6 *


Innate Abilities, Weirdness & Mutations

You have a pair of horns on your head.
You reflexively headbutt those who attack you in melee.


Message History

Press: ? - help, Shift-Dir - straight line, f - shock serpent
Aim: a shock serpent (chance to affect: 48%)
The shock serpent resists with some effort.
A shock serpent is nearby!
Aiming: Paralyse
Press: ? - help, Shift-Dir - straight line, f/p - shock serpent
Aim: a shock serpent (chance to affect: 48%)
The shock serpent suddenly stops moving!
You feel yourself speed up.
Things that are here:
a +0 mace; a +0 robe; a naga corpse You recover from your berserk rage.
A black mamba comes into view.
Your skin crawls.
You feel strong-willed.
A red film seems to cover your vision as you go berserk!
You feel yourself moving faster!
You feel mighty! The black mamba bites you.
* * * LOW HITPOINT WARNING * * *
The black mamba bites you.
* * * LOW HITPOINT WARNING * * *
You closely miss the black mamba. The black mamba closely misses you.
You furiously retaliate!
You headbutt the black mamba!
You riposte.
You closely miss the black mamba.
The black mamba is moderately wounded.
You slice the black mamba!! You headbutt the black mamba!
The black mamba is almost dead.
You block the black mamba's attack.
You slice the black mamba!!
You kill the black mamba!
Trog accepts your kill.
You see here a black mamba corpse.
You feel a strong urge to attack something.
You are no longer berserk.
You are exhausted.
You feel yourself slow down. You block the shock serpent's attack.
The shock serpent bites you!
* * * LOW HITPOINT WARNING * * *
The shock serpent shocks you!
You die...

.......#
#####.....## #.#.#
####...# ##)....#
#... ##### ##...##
#..# ##..### #..
#..## #.# #
####.#### ##.#
...#...†...####..#
........S........###
...###...@.##..#..<#
......#######..#...#
...... #..#...#
...... ##.#.###
###... #.#.. ...
#.... ### #....
....##


You could see a shock serpent.

Vanquished Creatures
  A minotaur (Gauntlet)
  2 hydras
  A shock serpent (Snake:1)
  A fire crab (Gauntlet)
  The ghost of suduhmizer the Cleaver, a novice DDFi (D:6)
  A centaur zombie (D:7)
  3 black mambas
  3 cane toads
  3 komodo dragons
  A polar bear (Lair:1)
  4 shadows (Gauntlet)
  A wyvern (Lair:1)
  24 yaks
  3 fire bats (Gauntlet)
  A basilisk (Lair:2)
  A steam dragon (D:8)
  3 chaos spawn (Gauntlet)
  A neqoxec (Gauntlet)
  4 nagas
  2 water moccasins (Lair:1)
  Duvessa (D:5)
  2 hell hounds (Gauntlet)
  3 orc warriors (D:8)
  An ice beast (D:5)
  5 black bears
  A necrophage (D:6)
  An ogre (D:7)
  2 centaurs
  2 phantoms (D:6)
  3 kobold brigands
  10 bullfrogs
  A gnoll sergeant (D:8)
  A wyvern zombie (D:7)
  5 scorpions
  Dowan (D:5)
  A wyvern skeleton (D:5)
  8 killer bees (D:8)
  15 wights
  A spectral centaur (D:6)
  A bullfrog zombie (D:6)
  4 hounds
  A jelly (D:4)
  A gnoll shaman (D:5)
  5 orc priests
  A bullfrog skeleton (D:5)
  3 centaur skeletons
  An iguana (D:5)
  6 orc wizards
  A howler monkey zombie (D:5)
  3 adders
  2 howler monkey skeletons
  7 gnolls
  2 shadow imps
  3 worms
  2 dart slugs
  30 orcs
  6 endoplasms
  2 giant cockroaches
  4 goblins
  5 hobgoblins
  5 jackals (D:3)
  3 quokkas
  3 ball pythons
  4 bats
  7 frilled lizards
  25 kobolds
  4 rats
266 creatures vanquished.

Vanquished Creatures (collateral kills)
  A hydra (Lair:2)
  A basilisk (Lair:1)
2 creatures vanquished.

Vanquished Creatures (others)
  15 fungi
  16 plants
31 creatures vanquished.

Grand Total: 299 creatures vanquished

Notes
Turn   | Place    | Note
-------+----------+-------------------------------------------
     0 | D:1      | Naeght the Minotaur Berserker began the quest for the Orb.
     0 | D:1      | Reached XP level 1. HP: 19/19 MP: 0/0
   387 | D:1      | Found a faded altar of an unknown god.
   513 | D:1      | Reached XP level 2. HP: 24/27 MP: 1/1
  1007 | D:1      | Reached skill level 4 in Long Blades
  1417 | D:2      | Reached XP level 3. HP: 32/33 MP: 2/2
  1745 | D:2      | Reached ** piety under Trog
  2103 | D:2      | Reached XP level 4. HP: 21/41 MP: 3/3
  3050 | D:3      | Found a white marble altar of Elyvilon.
  3058 | D:3      | Found a radiant altar of Vehumet.
  3125 | D:3      | Noticed a bullfrog
  3129 | D:3      | Killed a bullfrog
  3130 | D:3      | Reached XP level 5. HP: 39/47 MP: 4/4
  3539 | D:3      | Found a hazy altar of Hepliaklqana.
  3719 | D:4      | Found a staircase to the Ecumenical Temple.
  3791 | Temple   | Entered the Ecumenical Temple
  4065 | D:4      | Reached skill level 5 in Fighting
  4065 | D:4      | Reached skill level 5 in Long Blades
  4074 | D:4      | Reached XP level 6. HP: 14/53 MP: 5/5
  4814 | D:5      | Entered Level 5 of the Dungeon
  4829 | D:5      | Reached skill level 1 in Shields
  4835 | D:5      | Reached XP level 7. HP: 49/61 MP: 6/6
  4958 | D:5      | Reached skill level 5 in Armour
  5202 | D:5      | Reached skill level 6 in Long Blades
  5392 | D:5      | Identified a scroll of acquirement
  5393 | D:5      | Acquired a +3 antimagic demon blade
  5659 | D:5      | Noticed Duvessa
  5660 | D:5      | Noticed Dowan
  5668 | D:5      | Killed Duvessa
  5669 | D:5      | Reached skill level 5 in Dodging
  5677 | D:5      | Killed Dowan
  5900 | D:5      | Reached XP level 8. HP: 71/71 MP: 2/7
  6174 | D:6      | Reached *** piety under Trog
  6475 | D:6      | Found a transporter.
  6475 | D:6      | Noticed suduhmizer's ghost (novice DDFi)
  6562 | D:6      | Reached skill level 7 in Long Blades
  6620 | D:6      | Found a glowing silver altar of Zin.
  6654 | D:6      | Found a transporter.
  6764 | D:6      | Found Yvvois's Overcharged Wands.
  6973 | D:6      | Killed suduhmizer's ghost
  6974 | D:6      | Reached skill level 8 in Long Blades
  6974 | D:6      | Reached XP level 9. HP: 78/81 MP: 2/8
  7235 | D:7      | Reached **** piety under Trog
  7451 | D:7      | Reached skill level 9 in Long Blades
  8016 | D:8      | Reached XP level 10. HP: 91/91 MP: 9/9
  8257 | D:8      | Reached skill level 10 in Long Blades
  8447 | D:8      | Reached ***** piety under Trog
  8449 | D:8      | Reached skill level 10 in Fighting
  8630 | D:8      | Found a staircase to the Lair.
  8946 | Lair:1   | Entered Level 1 of the Lair of Beasts
  9078 | Lair:1   | Noticed a cane toad
  9089 | Lair:1   | Killed a cane toad
  9382 | Lair:1   | Reached skill level 11 in Long Blades
  9594 | Lair:1   | Noticed a six-headed hydra
  9632 | Lair:1   | HP: 3/95 [seven-headed hydra (11)]
  9634 | Lair:1   | Reached skill level 10 in Dodging
  9637 | Lair:1   | Killed a seven-headed hydra
  9638 | Lair:1   | Reached XP level 11. HP: 10/102 MP: 10/10
 10009 | Lair:1   | Noticed a five-headed hydra
 10026 | Lair:1   | Reached skill level 1 in Evocations
 10446 | Lair:2   | Noticed a five-headed hydra
 10455 | Lair:2   | Killed a five-headed hydra
 10537 | Lair:2   | Noticed an eight-headed hydra
 10581 | Lair:2   | Killed a seven-headed hydra
 10674 | Lair:2   | Reached skill level 12 in Long Blades
 10688 | Lair:2   | Found a staircase to the Snake Pit.
 10711 | Lair:2   | Found a gate leading to a gauntlet.
 10740 | Gauntlet | Entered a Gauntlet
 10740 | Gauntlet | Found a transporter.
 10740 | Gauntlet | Found a transporter.
 10745 | Gauntlet | Noticed a fire crab
 10774 | Gauntlet | a fire crab changed into a redback
 10783 | Gauntlet | Noticed a fire crab
 10783 | Gauntlet | a queen bee changed into a fire crab
 10789 | Gauntlet | Noticed an orb spider
 10789 | Gauntlet | a fire crab changed into an orb spider
 10791 | Gauntlet | an orb spider changed into a blink frog
 10834 | Gauntlet | Noticed a glowing orange brain
 10834 | Gauntlet | a redback changed into a glowing orange brain
 10869 | Gauntlet | Noticed a swamp dragon
 10869 | Gauntlet | a glowing orange brain changed into a swamp dragon
 10881 | Gauntlet | Noticed a death drake
 10881 | Gauntlet | a swamp dragon changed into a death drake
 10895 | Gauntlet | Noticed a harpy
 10895 | Gauntlet | a queen bee changed into a harpy
 10896 | Gauntlet | a death drake changed into an elephant
 10900 | Gauntlet | Found a transporter.
 10900 | Gauntlet | a harpy changed into a floating eye
 10914 | Gauntlet | Found a transporter.
 10916 | Gauntlet | Found a large runed translucent door.
 10916 | Gauntlet | Found a large runed translucent door.
 10917 | Gauntlet | Found a large runed translucent door.
 10917 | Gauntlet | Found a large runed translucent door.
 10918 | Gauntlet | Found a large runed translucent door.
 10918 | Gauntlet | Found a large runed translucent door.
 10918 | Gauntlet | Found a runed translucent door.
 10918 | Gauntlet | Found a runed translucent door.
 10918 | Gauntlet | Found a large runed translucent door.
 10918 | Gauntlet | Found a large runed translucent door.
 10919 | Gauntlet | Found a large runed translucent door.
 10919 | Gauntlet | Found a large runed translucent door.
 10924 | Gauntlet | Found a large runed translucent door.
 10924 | Gauntlet | Found a large runed translucent door.
 10925 | Gauntlet | Found a large runed translucent door.
 10925 | Gauntlet | Found a large runed translucent door.
 10925 | Gauntlet | Found a large runed translucent door.
 10925 | Gauntlet | Found a large runed translucent door.
 10928 | Gauntlet | Found a runed translucent gate.
 10928 | Gauntlet | Found a runed translucent gate.
 10928 | Gauntlet | Found a runed translucent gate.
 10931 | Gauntlet | Found a transporter.
 10933 | Gauntlet | Noticed a fire crab
 10946 | Gauntlet | Found a transporter.
 10976 | Gauntlet | Noticed a ghost crab
 10978 | Gauntlet | Found a transporter.
 11018 | Gauntlet | Noticed a glowing orange brain
 11045 | Gauntlet | Found a transporter.
 11060 | Gauntlet | Found a transporter.
 11062 | Gauntlet | Noticed a fire crab
 11081 | Gauntlet | Found a transporter.
 11090 | Gauntlet | Found a transporter.
 11172 | Gauntlet | Noticed a fire crab
 11177 | Gauntlet | Noticed a lindwurm
 11179 | Gauntlet | Found a transporter.
 11195 | Gauntlet | Found a transporter.
 11196 | Gauntlet | Found a transporter.
 11197 | Gauntlet | Found a transporter.
 11197 | Gauntlet | Noticed an orange crystal statue
 11222 | Gauntlet | Found a transporter.
 11472 | Gauntlet | Noticed a shock serpent
 11477 | Gauntlet | a shock serpent changed into a manticore
 11551 | Gauntlet | Noticed a swamp dragon
 11551 | Gauntlet | Noticed a lindwurm
 11559 | Gauntlet | a lindwurm changed into an elephant
 11571 | Gauntlet | a swamp dragon changed into a moth of wrath
 11864 | Gauntlet | Identified the +1 scale mail of the Spider Nest {+Inv
                  | rPois}
 11921 | Gauntlet | Killed a fire crab
 11922 | Gauntlet | Reached skill level 5 in Evocations
 12130 | Gauntlet | Reached XP level 12. HP: 105/112 MP: 11/11
 12167 | Gauntlet | Identified the amulet of the Pure Wishes {Acrobat rC+}
 12244 | Gauntlet | Noticed a minotaur
 12254 | Gauntlet | Killed a minotaur
 12700 | Gauntlet | Identified the +0 leather armour of Absence {*Corrode +Inv
                  | Int+5 Dex-5}
 13536 | Snake:1  | Entered Level 1 of the Snake Pit
 13659 | Snake:1  | Reached skill level 13 in Long Blades
 13697 | Snake:1  | Slain by a shock serpent

Illustrated notes

Levels and vault maps discovered:
D:1:      roderic_chinese_lattice_arrival, layout_basic,
          shapermc_ecumenical_altar_pompeii
D:2:      minmay_chambers_of_twos, layout_basic
D:3:      layout_loops_ring, lemuel_coloured_pillars_altar,
          mainiacjoe_overflow_big_doors
D:4:      layout_loops_cross, minmay_temple_entry_hall, chequers_jeans,
          minmay_statues_item
D:5:      layout_basic, minmay_crossroads, uniq_duvessa
D:6:      layout_loops_ring, general_overflow_altar, gammafunk_ghost_mausoleum,
          grunt_ministairs_2, nicolae_shop_overcharged_wands
D:7:      layout_basic
D:8:      layout_rooms, grunt_lair_entry_orc_guard_hut
Temple:   regret_index_temple_mists
Lair:1:   wander_river, layout_gridlike, infiniplex_staircase_pool_2
Lair:2:   layout_gridlike, guppyfry_snake_entry_garden, gauntlet_entry_generic
Snake:1:  layout_misc_corridors

Skill      XL: |  1  2  3  4  5  6  7  8  9 10 11 12 |
---------------+-------------------------------------+-----
Long Blades    | 4 5 6 8 9 11 12 13 | 13.1
Fighting       | 4 5 6 7 9 11 12 | 12.0
Armour         | 3 4 5 7 |  7.9
Dodging        | 3 4 5 6 8 10 | 10.9
Shields        | 1 3 4 |  4.5
Evocations     | 5 6 |  6.4

Action                   |  1- 3 |  4- 6 |  7- 9 | 10-12 || total
-------------------------+-------+-------+-------+-------++-------
Melee: Falchion          |    99 |    32 |       |       ||   131
       Headbutt          |    13 |    13 |    57 |    62 ||   145
       Scimitar          |       |    22 |    43 |   281 ||   346
       Demon blade       |       |       |   169 |     2 ||   171
Throw: Stone             |     2 |       |       |       ||     2
       Throwing net      |       |       |       |     1 ||     1
Invok: Berserk           |     2 |     2 |       |     4 ||     8
       Trog's Hand       |       |     2 |     1 |     6 ||     9
       Brothers in Arms  |       |       |       |     2 ||     2
Evoke: Wand              |       |       |       |    12 ||    12
  Use: Scroll            |       |       |    11 |     5 ||    16
       Potion            |       |       |       |     1 ||     1
 Stab: Sleeping          |     1 |       |       |       ||     1
Armor: Animal skin       |    12 |     3 |       |       ||    15
       Ring mail         |       |    27 |    37 |       ||    64
       Leather armour    |       |       |    32 |    56 ||    88
       Skin              |       |       |       |    19 ||    19
       Scale mail        |       |       |       |    15 ||    15
Dodge: Dodged            |    76 |    52 |    97 |   113 ||   338
Block: Buckler           |       |       |    54 |   140 ||   194
       Reflection        |       |       |       |     3 ||     3
       Rpst.: Falchion   |    21 |     4 |       |       ||    25
       Scimitar          |       |     6 |     7 |    35 ||    48
       Demon blade       |       |       |    24 |       ||    24
